Workbook
Name a.vtas.cim: #REF!
Name a.vtas.cim: #REF!
Name A_IMPRESIÓN_IM: #REF!
Name A_nuevo: #REF!
Name AAa: #REF!
Name aaaa: #REF!
Name AAAAAAA: [1]COMPRA!#REF!
Name absc: [2]!absc
Name ACCESORIOS: [3]Materiales!$D$559:$D$570
Name Accesorios_de_1_2: #REF!
Name Accesorios_de_1_2: #REF!
Name Accesorios_de_3_4: #REF!
Name Accesorios_de_3_4: #REF!
Name Acero_de_Refuerzo_Figurado_de_60.000_P.S.I.: #REF!
Name Acero_de_Refuerzo_Figurado_de_60.000_P.S.I.: #REF!
Name Acido_Muriatico: #REF!
Name Acido_Muriatico: #REF!
Name Acoflex_1_2: #REF!
Name Acoflex_1_2: #REF!
Name Acometida_en_2_3___350_kcmil___1___250_kcmil_AWG__THHN_en_Ø_4: #REF!
Name Acometida_en_2_3___350_kcmil___1___250_kcmil_AWG__THHN_en_Ø_4: #REF!
Name Acometida_en_3___1_0___1___2___1___6_T_AWG__THHN_en_1Ø_3: #REF!
Name Acometida_en_3___1_0___1___2___1___6_T_AWG__THHN_en_1Ø_3: #REF!
Name Acometida_en_3___250_kcmil___1___2_0___1___2_T_AWG__THHN_en_1Ø_3: #REF!
Name Acometida_en_3___250_kcmil___1___2_0___1___2_T_AWG__THHN_en_1Ø_3: #REF!
Name Acometida_en_3___4_0___1___2_0___1___2_T_AWG__THHN_en_1Ø_3: #REF!
Name Acometida_en_3___4_0___1___2_0___1___2_T_AWG__THHN_en_1Ø_3: #REF!
Name Acometida_en_3___6___1___8___1___8_T_AWG__THHN_en_1Ø_1: #REF!
Name Acometida_en_3___6___1___8___1___8_T_AWG__THHN_en_1Ø_1: #REF!
Name Acometida_en_3___6_en_1Ø_2: #REF!
Name Acometida_en_3___6_en_1Ø_2: #REF!
Name Acometida_en_3___8___1___10___1___8_T_AWG__THHN_en_1Ø_1: #REF!
Name Acometida_en_3___8___1___10___1___8_T_AWG__THHN_en_1Ø_1: #REF!
Name Acometida_en_Conductor_de_Cobre_3___2_0_AWG_XLEP_15_Kv: #REF!
Name Acometida_en_Conductor_de_Cobre_3___2_0_AWG_XLEP_15_Kv: #REF!
Name AD: #REF!
Name Agua: #REF!
Name Agua: #REF!
Name AHER: [4]HER!$B:$D
Name aiu: #REF!
Name Alambre_Negro_No.18: #REF!
Name Alambre_Negro_No.18: #REF!
Name Alcaparro_2.00_m: #REF!
Name Alcaparro_2.00_m: #REF!
Name aleros: [3]Materiales!$D$267:$D$281
Name ALFAJIAS: [3]Materiales!$D$457:$D$465
Name Almacenista: #REF!
Name Almacenista: #REF!
Name AMAT: [4]MAT!$B:$D
Name Andamio_Sección: #REF!
Name Andamio_Sección: #REF!
Name Andamios: #REF!
Name Andamios: #REF!
Name Angulo_en_aluminio_1_2__x_1_2__x_1_16: #REF!
Name Angulo_en_aluminio_1_2__x_1_2__x_1_16: #REF!
Name Angulo_hierro_2_1_2__x_3_13: #REF!
Name Angulo_hierro_2_1_2__x_3_13: #REF!
Name Anticorrosivo_Rojo_Claro: #REF!
Name Anticorrosivo_Rojo_Claro: #REF!
Name APARATOS: [3]Materiales!$D$528:$D$543

Sheet 2. PPTO CONSOLIDADO
B1: LICITACIÓN DE OBRA PÚBLICA No. USPEC-LP-029-2020
B2: FORMATO No. 7 OFERTA ECONÓMICA
A5: DISEÑO DE REDES EXTERNAS
A6: ÍTEM | B6: DESCRIPCIÓN | C6: UNIDAD | D6: CANTIDAD | E6: VR. UNITARIO | F6: VR. UNITARIO OFERTADO | G6: VR. PARCIAL
A7: 1 | B7: Diseño de redes externas de acueducto, alcantarillado y energía eléctrica para la conexión a los servicios publicos del municipio. Incluye evantamiento topografico, estudios de suelos, ensayos y apiques y tramites ante las empresas prestadoras de los servicios publicos. | C7: u | D7: 1 | E7: 165328330 | G7: =ROUND(F7*D7,0) -> 0
B8: I.V.A. / UTILIDAD | C8: % | D8: 0.19 | E8: 31412383 | F8: =ROUND(G7*D8,0) -> 0 | G8: =ROUND(G7*D8,0) -> 0
A9: 2 | B9: Pagos a terceros por concepto de permisos y/o licencias requeridas para la ejecución del proyecto. | C9: u | D9: 1 | E9: 50000000 | G9: =ROUND(F9*D9,0) -> 0
B10: TOTAL | G10: =SUM(G7:G9) -> 0
B12: TOTAL PRECONSTRUCCION DISEÑO REDES EXTERNAS
A14: PRESUPUESTO DETALLADO DE OBRA
A15: ÍTEM | B15: DESCRIPCIÓN | C15: UNIDAD | D15: CANTIDAD | E15: VR. UNITARIO | F15: VR. UNITARIO OFERTADO | G15: VR. PARCIAL
A16: 1 | B16: PRELIMINARES, PROVISIONALES DE OBRA Y DEMOLICIONES.
A17: 1.1 | B17: ACTIVIDADES PRELIMINARES.
A18: 1.1.6 | B18: Cerramiento provisional en polisombra densidad 80% de retención de luz h.=2,00 m, con estructura en durmientes de madera 4,0x4,0 cm distanciadas cada 2,00 m. Incluye dados de concreto f'c=2500 PSI 10x10x20 cm para los durmientes. El pago por metro lineal será medido en planta. | C18: m | D18: 606 | E18: 8737 | G18: =ROUND(F18*D18,0) -> 0
A19: 1.2 | B19: INSTALACIONES Y TRÁMITES DE SERVICIOS PROVISIONALES. | F19: =+E19 -> 0 | G19: =ROUND(F19*D19,0) -> 0
A20: 1.2.1 | B20: Instalaciones interiores provisionales de acueducto. Incluye excavación, retiro de sobrantes, tuberías, accesorios, adecuaciones de todas las instalaciones necesarias al interior del lote para ejecución del proyecto. Incluye habilitación del servicio para campamentos y ejecución total de obra. No incluye aparatos sanitarios, ni tramitología, ni obras relacionadas a la TPO. | C20: u | D20: 30 | E20: 268723 | G20: =ROUND(F20*D20,0) -> 0
A21: 1.2.3 | B21: Instalaciones interiores provisionales de Energía. Incluye excavación, retiro de sobrantes, tuberías, accesorios, estructuras provisionales, tableros, cables, ducteria, salidas, adecuaciones de todas las instalaciones necesarias al interior del lote para ejecución del proyecto. Incluye habilitación del servicio para campamentos y ejecución total de obra. No incluye aparatos eléctricos, ni tramitología, ni obras relacionadas a la TPO. | C21: u | D21: 15 | E21: 115848 | G21: =ROUND(F21*D21,0) -> 0
A22: 1. | B22: SUBTOTAL 1. PRELIMINARES, PROVISIONALES DE OBRA Y DEMOLICIONES. | F22: =+E22 -> 0 | G22: =ROUND(F22*D22,0) -> 0
A23: 2 | B23: MOVIMIENTOS DE TIERRAS, CIMENTACIONES, Y OTROS ENTERRADOS / SUBTERRÁNEOS DE TIPO ESTRUCTURAL. | F23: =+E23 -> 0 | G23: =ROUND(F23*D23,0) -> 0
A24: 2.1 | B24: EXCAVACIONES, RELLENOS Y REEMPLAZOS. | F24: =+E24 -> 0 | G24: =ROUND(F24*D24,0) -> 0
A25: 2.1.1 | B25: Descapote mecánico de capa vegetal h.prom <=30 cm. Incluye cargue, retiro, disposición de escombros a sitio aprobado por la autoridad ambiental. | C25: m2 | D25: 38495 | E25: 6711 | G25: =ROUND(F25*D25,0) -> 0
A26: 2.1.3 | B26: Excavación mecánica en material común. Incluye cargue, retiro, disposición de escombros a sitio aprobado por la autoridad ambiental. | C26: m3 | D26: 46261 | E26: 29480 | G26: =ROUND(F26*D26,0) -> 0
A27: 2.1.4 | B27: Excavación manual en material común h.<=2,00m. Incluye entibado en ambos costados, cargue, retiro, disposición de escombros a sitio aprobado por la autoridad ambiental. | C27: m3 | D27: 4534 | E27: 50267 | G27: =ROUND(F27*D27,0) -> 0
A28: 2.1.10 | B28: Relleno manual con material seleccionado de sitio. Incluye extendido, humedecimiento y compactación. | C28: m3 | D28: 1096 | E28: 18809 | G28: =ROUND(F28*D28,0) -> 0
A29: 2.1.11 | B29: Relleno manual con recebo común compactado. Incluye extendido, humedecimiento y compactación. | C29: m3 | D29: 7323 | E29: 61038 | G29: =ROUND(F29*D29,0) -> 0
A30: 2.1.12 | B30: Relleno mecánico con recebo común compactado. Incluye extendido, humedecimiento y compactación. | C30: m3 | D30: 44793 | E30: 44902 | G30: =ROUND(F30*D30,0) -> 0
A31: 2.1.13 | B31: Relleno piedra rajon con sello (afirmado norma invias 311). Incluye extendido, humedecimiento y compactación. | C31: m3 | D31: 796 | E31: 80766 | G31: =ROUND(F31*D31,0) -> 0
A32: 2.2 | B32: CONCRETOS PARA CIMENTACIÓN. | F32: =+E32 -> 0 | G32: =ROUND(F32*D32,0) -> 0
A33: 2.2.1 | B33: CIMENTACIÓN SUPERFICIAL. | F33: =+E33 -> 0 | G33: =ROUND(F33*D33,0) -> 0
A34: 2.2.1.1 | B34: Concreto pobre de limpieza / solado e.= 5 cm f'c=2000 PSI. | C34: m2 | D34: 48915 | E34: 29273 | G34: =ROUND(F34*D34,0) -> 0
A35: 2.2.1.29 | B35: Dados en concreto f'c=4000 PSI. Incluye porcentaje de formaletería ordinaria para los sitios donde no se funda contra terreno. No incluye acero de refuerzo. | C35: m3 | D35: 505 | E35: 688809 | G35: =ROUND(F35*D35,0) -> 0
A36: 2.2.1.31 | B36: Zapatas en concreto f'c=4000 PSI. Incluye porcentaje de formaletería ordinaria para los sitios donde no se funda contra terreno. No incluye acero de refuerzo. | C36: m3 | D36: 2038 | E36: 688809 | G36: =ROUND(F36*D36,0) -> 0
A37: 2.2.1.32 | B37: Vigas de cimentación en concreto f'c=4000 PSI. Incluye porcentaje de formaletería ordinaria para los sitios donde no se funda contra terreno. No incluye acero de refuerzo. | C37: m3 | D37: 3027 | E37: 651275 | G37: =ROUND(F37*D37,0) -> 0
A38: 2.2.1.33 | B38: Placa de contrapiso en concreto f'c=4000 PSI. Incluye porcentaje de formaletería ordinaria para los sitios donde no se funda contra terreno. No incluye acero de refuerzo | C38: m3 | D38: 2128 | E38: 624374 | G38: =ROUND(F38*D38,0) -> 0
A39: 2.3 | B39: CONCRETOS PARA OTROS ELEMENTOS ESTRUCTURALES ENTERRADOS / SUBTERRÁNEOS. | F39: =+E39 -> 0 | G39: =ROUND(F39*D39,0) -> 0
A40: 2.3.1 | B40: TANQUE DE ALMACENAMIENTO DE AGUA - POTABLE, CONTRA-INCENDIO, SISTEMA MIXTO, RECICLADA. | F40: =+E40 -> 0 | G40: =ROUND(F40*D40,0) -> 0
A41: 2.3.1.1 | B41: Vigas de cimentación en concreto f'c=4000 PSI para tanque de almacenamiento. Incluye porcentaje de formaletería ordinaria para los sitios donde no se funda contra terreno. No incluye acero de refuerzo. | C41: m3 | D41: 263 | E41: 677065 | G41: =ROUND(F41*D41,0) -> 0
A42: 2.3.1.2 | B42: Suministro e instalación de concreto f'c 4.000 psi para placa de contrapiso tanques de almacenamiento. Incluye impermeabilización, formaleta, desmoldante, curado, vibrado. No incluye acero de refuerzo | C42: m3 | D42: 398 | E42: 708932 | G42: =ROUND(F42*D42,0) -> 0
A43: 2.3.1.3 | B43: Suministro e instalación de concreto f'c 4.000 psi para columnas de tanques de almacenamiento. Incluye impermeabilización, formaleta, desmoldante, curado, vibrado. No incluye acero de refuerzo | C43: m3 | D43: 70 | E43: 819982 | G43: =ROUND(F43*D43,0) -> 0
A44: 2.3.1.4 | B44: Suministro e instalación de concreto f'c 4.000 psi para muros de tanques de almacenamiento. Incluye impermeabilización, formaleta, desmoldante, curado, vibrado. No incluye acero de refuerzo | C44: m3 | D44: 354 | E44: 841235 | G44: =ROUND(F44*D44,0) -> 0
A45: 2.3.1.5 | B45: Suministro e instalación de concreto f'c 4.000 psi para vigas aéreas de tanques de almacenamiento. Incluye impermeabilización, formaleta, desmoldante, curado, vibrado. No incluye acero de refuerzo | C45: m3 | D45: 97 | E45: 881434 | G45: =ROUND(F45*D45,0) -> 0
A46: 2.3.1.6 | B46: Suministro e instalación de concreto f'c 4.000 psi para placas elevadas (tapas) de tanques de almacenamiento. Incluye impermeabilización, formaleta, desmoldante, curado, vibrado. No incluye acero de refuerzo | C46: m3 | D46: 161 | E46: 816642 | G46: =ROUND(F46*D46,0) -> 0
A47: 2.3.1.7 | B47: Muro en mampostería estructural para tanques de almacenamiento. Incluye pañete en mortero impermeabilizado | C47: m2 | D47: 344 | E47: 111033 | G47: =ROUND(F47*D47,0) -> 0
A48: 2.3.1.8 | B48: Impermeabilización de placa aérea con manto asfáltico | C48: m2 | D48: 1607 | E48: 40809 | G48: =ROUND(F48*D48,0) -> 0
A49: 2.3.1.9 | B49: Impermeabilización de tanque con poliuretano | C49: m2 | D49: 4393 | E49: 52650 | G49: =ROUND(F49*D49,0) -> 0
A50: 2.3.1.10 | B50: Suministro e instalación de pasamuros metálicos diámetro máximo 6" | C50: u | D50: 37 | E50: 68216 | G50: =ROUND(F50*D50,0) -> 0
A51: 2.3.1.11 | B51: Suministro e instalación de cinta PVC | C51: m | D51: 236 | E51: 16764 | G51: =ROUND(F51*D51,0) -> 0
A52: 2.3.1.12 | B52: Suministro e instalación de tapa de Inspección en lámina alfajor 1/8 incluye platina y ángulos | C52: u | D52: 6 | E52: 209630 | G52: =ROUND(F52*D52,0) -> 0
A53: 2.4 | B53: ACEROS DE REFUERZO PARA ELEMENTOS ESTRUCTURALES ENTERRADOS / SUBTERRÁNEOS. | F53: =+E53 -> 0 | G53: =ROUND(F53*D53,0) -> 0
A54: 2.4.1 | B54: Acero de 60.000 PSI 420 MPa. Incluye corte, figurado y fijación. | C54: kg | D54: 636973 | E54: 3219 | G54: =ROUND(F54*D54,0) -> 0
A55: 2.4.2 | B55: Mallas electrosoldadas. Incluye corte y fijación. | C55: kg | D55: 149388 | E55: 3768 | G55: =ROUND(F55*D55,0) -> 0
A56: 2. | B56: SUBTOTAL 2. MOVIMIENTOS DE TIERRAS, CIMENTACIONES, Y OTROS ENTERRADOS / SUBTERRÁNEOS DE TIPO ESTRUCTURAL. | F56: =+E56 -> 0 | G56: =ROUND(F56*D56,0) -> 0
A57: 3 | B57: REDES SUBTERRÁNEAS (hidrosanitarias, gas, eléctricas, comunicaciones, calderas, lavandería, ventilación, ambientales, etc.). | F57: =+E57 -> 0 | G57: =ROUND(F57*D57,0) -> 0
A58: 3.1 | B58: EXCAVACIONES, RELLENOS Y REEMPLAZOS. | F58: =+E58 -> 0 | G58: =ROUND(F58*D58,0) -> 0
A59: 3.1.1 | B59: Descapote mecánico de capa vegetal h.prom<=30 cm. Incluye cargue, retiro, disposición de escombros a sitio aprobado por la autoridad ambiental. | C59: m2 | D59: 11586 | E59: 6711 | G59: =ROUND(F59*D59,0) -> 0
A60: 3.1.2 | B60: Excavación mecánica en material común. Incluye cargue, retiro, disposición de escombros a sitio aprobado por la autoridad ambiental. | C60: m3 | D60: 32562 | E60: 29480 | G60: =ROUND(F60*D60,0) -> 0
A61: 3.1.3 | B61: Compactación manual de terreno existente en material común, incluyendo el humedecimiento necesario, y la supervisión y control del terminado superficial final evitando rocas piedras puntas raíces o cualquier otro elemento punzante que pueda perforar o rasgar la geomembrana. No incluye suministro de ningún material granular. | C61: m3 | D61: 5240 | E61: 11324 | G61: =ROUND(F61*D61,0) -> 0
A62: 3.1.4 | B62: Relleno manual con material ordinario de la excavación. Incluye extendido, humedecimiento y compactación. | C62: m3 | D62: 2060 | E62: 16809 | G62: =ROUND(F62*D62,0) -> 0
A63: 3.1.5 | B63: Relleno manual con material seleccionado de sitio. Incluye extendido, humedecimiento y compactación. | C63: m3 | D63: 3180 | E63: 18809 | G63: =ROUND(F63*D63,0) -> 0
A64: 3.1.6 | B64: Relleno manual con recebo común compactado. Incluye extendido, humedecimiento y compactación. | C64: m3 | D64: 4295 | E64: 61038 | G64: =ROUND(F64*D64,0) -> 0
A65: 3.1.7 | B65: Relleno manual con recebo B-200. Incluye extendido, humedecimiento y compactación. | C65: m3 | D65: 21696 | E65: 87357 | G65: =ROUND(F65*D65,0) -> 0
A66: 3.1.8 | B66: Relleno manual con Triturado y arena de rio .Incluye extendido y compactación. | C66: m3 | D66: 1229 | E66: 119687 | G66: =ROUND(F66*D66,0) -> 0
A67: 3.2 | B67: REDES HÚMEDAS. | F67: =+E67 -> 0 | G67: =ROUND(F67*D67,0) -> 0
A68: 3.2.0 | B68: Construcción red de conexión de acueducto hasta punto de conexión dada en la viabilidad de servicios y de acuerdo a las especificaciones técnicas de la Empresa de Servicios Publicos Municipales. | C68: m | D68: 2310 | E68: 294372 | G68: =ROUND(F68*D68,0) -> 0
A69: 3.2.1 | B69: REDES DE SUMINISTRO DE AGUA POTABLE | F69: =+E69 -> 0 | G69: =ROUND(F69*D69,0) -> 0
A70: 3.2.1.1 | B70: Tubería PEAD (PN 8) RDE 9 Ø25mm, instalada subterránea y/o a nivel y/o en alturas hasta 10,00 m, para conducción de agua potable, incluyendo la unión por fabricación monolítica, de PAVCO o equivalente de igual calidad o superior. Incluye suministro, instalación, lubricante, termofusión . No incluye accesorios de ningún tipo, ni excavación, ni regata, ni resane. | C70: m | D70: 203 | E70: 20898 | G70: =ROUND(F70*D70,0) -> 0
A71: 3.2.1.2 | B71: Tubería PEAD (PN 8) RDE 9 Ø32 mm, instalada subterránea y/o a nivel y/o en alturas hasta 10,00 m, para conducción de agua potable, incluyendo la unión por fabricación monolítica, de PAVCO o equivalente de igual calidad o superior. Incluye suministro, instalación, lubricante, termofusión . No incluye accesorios de ningún tipo, ni excavación, ni regata, ni resane. | C71: m | D71: 412 | E71: 24701 | G71: =ROUND(F71*D71,0) -> 0
A72: 3.2.1.3 | B72: Tubería PEAD (PN 8) RDE 9 Ø40 mm, instalada subterránea y/o a nivel y/o en alturas hasta 10,00 m, para conducción de agua potable, incluyendo la unión por fabricación monolítica, de PAVCO o equivalente de igual calidad o superior. Incluye suministro, instalación, lubricante, termofusión . No incluye accesorios de ningún tipo, ni excavación, ni regata, ni resane. | C72: m | D72: 408 | E72: 30760 | G72: =ROUND(F72*D72,0) -> 0
A73: 3.2.1.4 | B73: Tubería PEAD (PN 8) RDE 21 Ø50mm, instalada subterránea y/o a nivel y/o en alturas hasta 10,00 m, para conducción de agua potable, incluyendo la unión por fabricación monolítica, de PAVCO o equivalente de igual calidad o superior. Incluye suministro, instalación, lubricante, termofusión . No incluye accesorios de ningún tipo, ni excavación, ni regata, ni resane. | C73: m | D73: 622 | E73: 40956 | G73: =ROUND(F73*D73,0) -> 0
A74: 3.2.1.5 | B74: Tubería PEAD (PN 8) RDE 21 Ø63mm, instalada subterránea y/o a nivel y/o en alturas hasta 10,00 m, para conducción de agua potable, incluyendo la unión por fabricación monolítica, de PAVCO o equivalente de igual calidad o superior. Incluye suministro, instalación, lubricante, termofusión . No incluye accesorios de ningún tipo, ni excavación, ni regata, ni resane. | C74: m | D74: 446 | E74: 58768 | G74: =ROUND(F74*D74,0) -> 0
A75: 3.2.1.6 | B75: Tubería PEAD (PN 8) RDE 21 Ø75mm, instalada subterránea y/o a nivel y/o en alturas hasta 10,00 m, para conducción de agua potable, incluyendo la unión por fabricación monolítica, de PAVCO o equivalente de igual calidad o superior. Incluye suministro, instalación, lubricante, termofusión . No incluye accesorios de ningún tipo, ni excavación, ni regata, ni resane. | C75: m | D75: 1219 | E75: 92700 | G75: =ROUND(F75*D75,0) -> 0
A76: 3.2.1.7 | B76: Tubería PEAD (PN 8) RDE 21 Ø90mm, instalada subterránea y/o a nivel y/o en alturas hasta 10,00 m, para conducción de agua potable, incluyendo la unión por fabricación monolítica, de PAVCO o equivalente de igual calidad o superior. Incluye suministro, instalación, lubricante, termofusión . No incluye accesorios de ningún tipo, ni excavación, ni regata, ni resane. | C76: m | D76: 501 | E76: 111654 | G76: =ROUND(F76*D76,0) -> 0
A77: 3.2.1.8 | B77: Tubería PEAD (PN 8) RDE 21 Ø110mm, instalada subterránea y/o a nivel y/o en alturas hasta 10,00 m, para conducción de agua potable, incluyendo la unión por fabricación monolítica, de PAVCO o equivalente de igual calidad o superior. Incluye suministro, instalación, lubricante, termofusión . No incluye accesorios de ningún tipo, ni excavación, ni regata, ni resane. | C77: m | D77: 1236 | E77: 160228 | G77: =ROUND(F77*D77,0) -> 0
A78: 3.2.1.9 | B78: Tubería PEAD (PN 8) RDE 21 Ø160mm, instalada subterránea y/o a nivel y/o en alturas hasta 10,00 m, para conducción de agua potable, incluyendo la unión por fabricación monolítica, de PAVCO o equivalente de igual calidad o superior. Incluye suministro, instalación, lubricante, termofusión . No incluye accesorios de ningún tipo, ni excavación, ni regata, ni resane. | C78: m | D78: 473 | E78: 201765 | G78: =ROUND(F78*D78,0) -> 0
A79: 3.2.1.11 | B79: Empate de Polietileno Ø32mm a tuberia de Pvc Ø4" , proveniente de Acueducto Municipal, incluye union tipo dresser, portaflanche bridado union en polietileno de alta densidad. Incluye sumunistro, transporte e instalacion | C79: u | D79: 1 | E79: 34678 | G79: =ROUND(F79*D79,0) -> 0
A80: 3.2.1.12 | B80: Empate de Polietileno Ø110mm a tuberia de Pvc Ø4" , proveniente de Acueducto Municipal, incluye union tipo dresser, portaflanche bridado union en polietileno de alta densidad. Incluye sumunistro, transporte e instalacion | C80: u | D80: 1 | E80: 156570 | G80: =ROUND(F80*D80,0) -> 0
A81: 3.2.1.13 | B81: Empate de Polietileno Ø160mm a tuberia de Pvc Ø6", union a tanques de almacenamiento, incluye union tipo dresser, portaflanche bridado union en polietileno de alta densidad. Incluye sumunistro, transporte e instalacion | C81: u | D81: 3 | E81: 227739 | G81: =ROUND(F81*D81,0) -> 0
... A138: 3.2.1.70 | B138: Codo 160° ø.=75 mm PEAD PN 16 para conducción de agua potable, incluyendo la unión por fabricación monolítica,, PAVCO o equivalente de igual calidad o superior. Incluye anclaje lateral corrido en concreto f'c=3000 PSI con medidas de acuerdo a planos de diseño, suministro, instalación, lubricante, hidrosellos. No incluye excavación, ni regata, ni resane. | C138: u | D138: 1 | E138: 136158 | G138: =ROUND(F138*D138,0) -> 0
A139: 3.2.2 | B139: DESAGÜE AGUAS RESIDUALES. | F139: =+E139 -> 0 | G139: =ROUND(F139*D139,0) -> 0
A140: 3.2.2.1 | B140: Tubería PVC alcantarillado tipo Novafort o similar Ø 4" .Instalada subterránea y/o a nivel, con sello de neopreno en uniones. Incluye suministro, lubricante, e instalación. No incluye excavaciones ni rellenos. | C140: m | D140: 568 | E140: 35762 | G140: =ROUND(F140*D140,0) -> 0
A141: 3.2.2.2 | B141: Tubería PVC alcantarillado tipo Novafort o similar Ø 6" .Instalada subterránea y/o a nivel, con sello de neopreno en uniones. Incluye suministro, lubricante, e instalación. No incluye excavaciones ni rellenos. | C141: m | D141: 479 | E141: 51286 | G141: =ROUND(F141*D141,0) -> 0
A142: 3.2.2.3 | B142: Tubería PVC alcantarillado tipo Novafort o similar Ø 8" .Instalada subterránea y/o a nivel, con sello de neopreno en uniones. Incluye suministro, lubricante, e instalación. No incluye excavaciones ni rellenos. | C142: m | D142: 2 | E142: 68388 | G142: =ROUND(F142*D142,0) -> 0
A143: 3.2.2.4 | B143: Tubería PVC alcantarillado tipo Novafort o similar Ø10" .Instalada subterránea y/o a nivel, con sello de neopreno en uniones. Incluye suministro, lubricante, e instalación. No incluye excavaciones ni rellenos. | C143: m | D143: 157 | E143: 94944 | G143: =ROUND(F143*D143,0) -> 0
A144: 3.2.2.5 | B144: Tubería PVC alcantarillado tipo Novafort o similar Ø12" .Instalada subterránea y/o a nivel, con sello de neopreno en uniones. Incluye suministro, lubricante, e instalación. No incluye excavaciones ni rellenos. | C144: m | D144: 379 | E144: 130779 | G144: =ROUND(F144*D144,0) -> 0
A145: 3.2.2.6 | B145: Tubería PVC alcantarillado tipo Novafort o similar Ø14" .Instalada subterránea y/o a nivel, con sello de neopreno en uniones. Incluye suministro, lubricante, e instalación. No incluye excavaciones ni rellenos. | C145: m | D145: 217 | E145: 171394 | G145: =ROUND(F145*D145,0) -> 0
A146: 3.2.2.7 | B146: Tubería PVC alcantarillado tipo Novafort o similar Ø16" .Instalada subterránea y/o a nivel, con sello de neopreno en uniones. Incluye suministro, lubricante, e instalación. No incluye excavaciones ni rellenos. | C146: m | D146: 2 | E146: 206857 | G146: =ROUND(F146*D146,0) -> 0
A147: 3.2.3 | B147: DESAGÜE AGUAS LLUVIAS. | F147: =+E147 -> 0 | G147: =ROUND(F147*D147,0) -> 0
A148: 3.2.3.1 | B148: Tubería PVC alcantarillado tipo Novafort o similar Ø 12" .Instalada subterránea y/o a nivel, con sello de neopreno en uniones. Incluye suministro, lubricante, e instalación. No incluye excavaciones ni rellenos. | C148: m | D148: 209 | E148: 130779 | G148: =ROUND(F148*D148,0) -> 0
A149: 3.2.3.2 | B149: Tubería PVC alcantarillado tipo Novafort o similar Ø 24" .Instalada subterránea y/o a nivel, con sello de neopreno en uniones. Incluye suministro, lubricante, e instalación. No incluye excavaciones ni rellenos. | C149: m | D149: 116 | E149: 443898 | G149: =ROUND(F149*D149,0) -> 0
A150: 3.2.3.3 | B150: Tubería PVC alcantarillado tipo Novafort o similar Ø 27" .Instalada subterránea y/o a nivel, con sello de neopreno en uniones. Incluye suministro, lubricante, e instalación. No incluye excavaciones ni rellenos. | C150: m | D150: 112 | E150: 503903 | G150: =ROUND(F150*D150,0) -> 0
A151: 3.2.3.4 | B151: Tubería PVC alcantarillado tipo Novafort o similar Ø 30" .Instalada subterránea y/o a nivel, con sello de neopreno en uniones. Incluye suministro, lubricante, e instalación. No incluye excavaciones ni rellenos. | C151: m | D151: 26 | E151: 649897 | G151: =ROUND(F151*D151,0) -> 0
A152: 3.2.4 | B152: OBRAS CIVILES HIDROSANITARIAS. | F152: =+E152 -> 0 | G152: =ROUND(F152*D152,0) -> 0
A153: 3.2.4.1 | B153: Caja de inspección en mampostería 60x60x60 cm (a x L x h) medidas internas útiles. Incluye base en concreto f'c=3000 PSI y malla electrosoldada, cañuela, ladrillo tolete recocido común, tapa en concreto f'c=3000 PSI con marco y contramarco metálico, pañetado liso impermeabilizado 1:4 interno completo. No incluye excavaciones ni rellenos. | C153: u | D153: 86 | E153: 324585 | G153: =ROUND(F153*D153,0) -> 0
A154: 3.2.4.2 | B154: Caja de inspección en mampostería 80x80x80 cm (a x L x h) medidas internas útiles. Incluye base en concreto f'c=3000 PSI y malla electrosoldada, cañuela, ladrillo tolete recocido común, tapa en concreto f'c=3000 PSI con marco y contramarco metálico, pañetado liso impermeabilizado 1:4 interno completo. No incluye excavaciones ni rellenos. | C154: u | D154: 16 | E154: 488502 | G154: =ROUND(F154*D154,0) -> 0
A155: 3.2.4.3 | B155: Caja de inspección en mampostería 100x100x100 cm (a x L x h) medidas internas útiles. Incluye base en concreto f'c=3000 PSI y malla electrosoldada, cañuela, ladrillo tolete recocido común, tapa en concreto f'c=3000 PSI con marco y contramarco reforzado metálico, pañetado liso impermeabilizado 1:4 interno completo. No incluye excavaciones ni rellenos. | C155: u | D155: 1 | E155: 662361 | G155: =ROUND(F155*D155,0) -> 0
A156: 3.2.4.4 | B156: Cilindro de pozo de inspección en mampostería e.=25,0 cm h.=1,50 m ø.=1,20 m (internos). Incluye base en concreto f'c=3000 PSI y malla electrosoldada, cilindro en muro sencillo de ladrillo recocido común con piezas dispuestas a tizón, cono prefabricado y respectiva tapa con marco en hierro y removible en polímero no reciclable, escalera en varilla, geotextil, pañete impermeabilizante. Cumplir con la norma NS-029. No incluye excavaciones ni rellenos. | C156: u | D156: 30 | E156: 1147890 | G156: =ROUND(F156*D156,0) -> 0
A157: 3.2.4.5 | B157: Canal en concreto 50 x 50 cm reforzado f'c 3000 psi y malla electro soldada, solado, No incluye excavaciones ni rellenos | C157: m | D157: 262 | E157: 239661 | G157: =ROUND(F157*D157,0) -> 0
A158: 3.2.4.6 | B158: Canal en concreto 30 x 40 cm reforzado f'c 3000 psi y malla electro soldada, solado, No incluye excavaciones ni rellenos | C158: m | D158: 3910 | E158: 188165 | G158: =ROUND(F158*D158,0) -> 0
A159: 3.2.4.7 | B159: Sumidero prefabricado según detalle. Incluye rejilla, caja en concreto en concreto, tapa de inspeccion, escalera en carilla, geotextil, pañete impermeabilizante, cumplir con norma NS - 029. No incluye excavaciones ni rellenos | C159: u | D159: 25 | E159: 451504 | G159: =ROUND(F159*D159,0) -> 0
A160: 3.2.4.8 | B160: Caja de inspección para Trampa de Grasas de medidas 1,70x1,00 x1,50 m (a x L x h) medidas internas útiles. Incluye base en concreto f'c=3000 PSI y malla electrosoldada, cañuela, ladrillo tolete recocido común, tapa doble en concreto f'c=3000 PSI con marco y contramarco metálico, pañetado liso impermeabilizado 1:4 interno completo. No incluye excavaciones ni rellenos. | C160: u | D160: 1 | E160: 1668316 | G160: =ROUND(F160*D160,0) -> 0
...

Sheet Pareto
A1: Ítem | B1: Nombre | C1: Vr | D1: Porcentaje
A2: =+'2. PPTO CONSOLIDADO'!#REF! -> #REF! | B2: =+'2. PPTO CONSOLIDADO'!#REF! -> #REF! | C2: =+IF('2. PPTO CONSOLIDADO'!#REF!="","",'2. PPTO CONSOLIDADO'!#REF!) -> #REF! | D2: =+IFERROR(C2/'2. PPTO CONSOLIDADO'!$G$1307,"")
A3: =+'2. PPTO CONSOLIDADO'!#REF! -> #REF! | B3: =+'2. PPTO CONSOLIDADO'!#REF! -> #REF! | C3: =+IF('2. PPTO CONSOLIDADO'!#REF!="","",'2. PPTO CONSOLIDADO'!#REF!) -> #REF! | D3: =+IFERROR(C3/'2. PPTO CONSOLIDADO'!$G$1307,"")
A4: =+'2. PPTO CONSOLIDADO'!#REF! -> #REF! | B4: =+'2. PPTO CONSOLIDADO'!#REF! -> #REF! | C4: =+IF('2. PPTO CONSOLIDADO'!#REF!="","",'2. PPTO CONSOLIDADO'!#REF!) -> #REF! | D4: =+IFERROR(C4/'2. PPTO CONSOLIDADO'!$G$1307,"")
A5: =+'2. PPTO CONSOLIDADO'!A23 -> 2 | B5: =+'2. PPTO CONSOLIDADO'!B23 -> MOVIMIENTOS DE TIERRAS, CIMENTACIONES, Y OTROS ENTERRADOS / SUBTERRÁNEOS DE TIPO ESTRUCTURAL. | C5: =+IF('2. PPTO CONSOLIDADO'!G23="","",'2. PPTO CONSOLIDADO'!G23) -> 0 | D5: =+IFERROR(C5/'2. PPTO CONSOLIDADO'!$G$1307,"")
A6: =+'2. PPTO CONSOLIDADO'!A24 -> 2.1 | B6: =+'2. PPTO CONSOLIDADO'!B24 -> EXCAVACIONES, RELLENOS Y REEMPLAZOS. | C6: =+IF('2. PPTO CONSOLIDADO'!G24="","",'2. PPTO CONSOLIDADO'!G24) -> 0 | D6: =+IFERROR(C6/'2. PPTO CONSOLIDADO'!$G$1307,"")
A7: =+'2. PPTO CONSOLIDADO'!A32 -> 2.2 | B7: =+'2. PPTO CONSOLIDADO'!B32 -> CONCRETOS PARA CIMENTACIÓN. | C7: =+IF('2. PPTO CONSOLIDADO'!G32="","",'2. PPTO CONSOLIDADO'!G32) -> 0 | D7: =+IFERROR(C7/'2. PPTO CONSOLIDADO'!$G$1307,"")
A8: =+'2. PPTO CONSOLIDADO'!A33 -> 2.2.1 | B8: =+'2. PPTO CONSOLIDADO'!B33 -> CIMENTACIÓN SUPERFICIAL. | C8: =+IF('2. PPTO CONSOLIDADO'!G33="","",'2. PPTO CONSOLIDADO'!G33) -> 0 | D8: =+IFERROR(C8/'2. PPTO CONSOLIDADO'!$G$1307,"")
A9: =+'2. PPTO CONSOLIDADO'!A39 -> 2.3 | B9: =+'2. PPTO CONSOLIDADO'!B39 -> CONCRETOS PARA OTROS ELEMENTOS ESTRUCTURALES ENTERRADOS / SUBTERRÁNEOS. | C9: =+IF('2. PPTO CONSOLIDADO'!G39="","",'2. PPTO CONSOLIDADO'!G39) -> 0 | D9: =+IFERROR(C9/'2. PPTO CONSOLIDADO'!$G$1307,"")
A10: =+'2. PPTO CONSOLIDADO'!A40 -> 2.3.1 | B10: =+'2. PPTO CONSOLIDADO'!B40 -> TANQUE DE ALMACENAMIENTO DE AGUA - POTABLE, CONTRA-INCENDIO, SISTEMA MIXTO, RECICLADA. | C10: =+IF('2. PPTO CONSOLIDADO'!G40="","",'2. PPTO CONSOLIDADO'!G40) -> 0 | D10: =+IFERROR(C10/'2. PPTO CONSOLIDADO'!$G$1307,"")
A11: =+'2. PPTO CONSOLIDADO'!A53 -> 2.4 | B11: =+'2. PPTO CONSOLIDADO'!B53 -> ACEROS DE REFUERZO PARA ELEMENTOS ESTRUCTURALES ENTERRADOS / SUBTERRÁNEOS. | C11: =+IF('2. PPTO CONSOLIDADO'!G53="","",'2. PPTO CONSOLIDADO'!G53) -> 0 | D11: =+IFERROR(C11/'2. PPTO CONSOLIDADO'!$G$1307,"")
A12: =+'2. PPTO CONSOLIDADO'!A57 -> 3 | B12: =+'2. PPTO CONSOLIDADO'!B57 -> REDES SUBTERRÁNEAS (hidrosanitarias, gas, eléctricas, comunicaciones, calderas, lavandería, ventilación, ambientales, etc.). | C12: =+IF('2. PPTO CONSOLIDADO'!G57="","",'2. PPTO CONSOLIDADO'!G57) -> 0 | D12: =+IFERROR(C12/'2. PPTO CONSOLIDADO'!$G$1307,"")
A13: =+'2. PPTO CONSOLIDADO'!A58 -> 3.1 | B13: =+'2. PPTO CONSOLIDADO'!B58 -> EXCAVACIONES, RELLENOS Y REEMPLAZOS. | C13: =+IF('2. PPTO CONSOLIDADO'!G58="","",'2. PPTO CONSOLIDADO'!G58) -> 0 | D13: =+IFERROR(C13/'2. PPTO CONSOLIDADO'!$G$1307,"")
A14: =+'2. PPTO CONSOLIDADO'!A67 -> 3.2 | B14: =+'2. PPTO CONSOLIDADO'!B67 -> REDES HÚMEDAS. | C14: =+IF('2. PPTO CONSOLIDADO'!G67="","",'2. PPTO CONSOLIDADO'!G67) -> 0 | D14: =+IFERROR(C14/'2. PPTO CONSOLIDADO'!$G$1307,"")
A15: =+'2. PPTO CONSOLIDADO'!A69 -> 3.2.1 | B15: =+'2. PPTO CONSOLIDADO'!B69 -> REDES DE SUMINISTRO DE AGUA POTABLE | C15: =+IF('2. PPTO CONSOLIDADO'!G69="","",'2. PPTO CONSOLIDADO'!G69) -> 0 | D15: =+IFERROR(C15/'2. PPTO CONSOLIDADO'!$G$1307,"")
A16: =+'2. PPTO CONSOLIDADO'!A139 -> 3.2.2 | B16: =+'2. PPTO CONSOLIDADO'!B139 -> DESAGÜE AGUAS RESIDUALES. | C16: =+IF('2. PPTO CONSOLIDADO'!G139="","",'2. PPTO CONSOLIDADO'!G139) -> 0 | D16: =+IFERROR(C16/'2. PPTO CONSOLIDADO'!$G$1307,"")
A17: =+'2. PPTO CONSOLIDADO'!A147 -> 3.2.3 | B17: =+'2. PPTO CONSOLIDADO'!B147 -> DESAGÜE AGUAS LLUVIAS. | C17: =+IF('2. PPTO CONSOLIDADO'!G147="","",'2. PPTO CONSOLIDADO'!G147) -> 0 | D17: =+IFERROR(C17/'2. PPTO CONSOLIDADO'!$G$1307,"")
A18: =+'2. PPTO CONSOLIDADO'!A152 -> 3.2.4 | B18: =+'2. PPTO CONSOLIDADO'!B152 -> OBRAS CIVILES HIDROSANITARIAS. | C18: =+IF('2. PPTO CONSOLIDADO'!G152="","",'2. PPTO CONSOLIDADO'!G152) -> 0 | D18: =+IFERROR(C18/'2. PPTO CONSOLIDADO'!$G$1307,"")
A19: =+'2. PPTO CONSOLIDADO'!A161 -> 3.2.5 | B19: =+'2. PPTO CONSOLIDADO'!B161 -> TANQUES DE SUMINISTRO Y RESERVA | C19: =+IF('2. PPTO CONSOLIDADO'!G161="","",'2. PPTO CONSOLIDADO'!G161) -> 0 | D19: =+IFERROR(C19/'2. PPTO CONSOLIDADO'!$G$1307,"")
A20: =+'2. PPTO CONSOLIDADO'!A279 -> 3.2.6 | B20: =+'2. PPTO CONSOLIDADO'!B279 -> RED SUBTERRÁNEA PARA SISTEMA CONTRAINCENDIO | C20: =+IF('2. PPTO CONSOLIDADO'!G279="","",'2. PPTO CONSOLIDADO'!G279) -> 0 | D20: =+IFERROR(C20/'2. PPTO CONSOLIDADO'!$G$1307,"")
A21: =+'2. PPTO CONSOLIDADO'!A289 -> 4 | B21: =+'2. PPTO CONSOLIDADO'!B289 -> ESTRUCTURAS (Concreto, metal, madera) Y CONCRETOS ARQUITECTÓNICOS. | C21: =+IF('2. PPTO CONSOLIDADO'!G289="","",'2. PPTO CONSOLIDADO'!G289) -> 0 | D21: =+IFERROR(C21/'2. PPTO CONSOLIDADO'!$G$1307,"")
A22: =+'2. PPTO CONSOLIDADO'!A290 -> 4.1 | B22: =+'2. PPTO CONSOLIDADO'!B290 -> ESTRUCTURAS DE CONCRETO. | C22: =+IF('2. PPTO CONSOLIDADO'!G290="","",'2. PPTO CONSOLIDADO'!G290) -> 0 | D22: =+IFERROR(C22/'2. PPTO CONSOLIDADO'!$G$1307,"")
A23: =+'2. PPTO CONSOLIDADO'!A291 -> 4.1.1 | B23: =+'2. PPTO CONSOLIDADO'!B291 -> ELEMENTOS VERTICALES ESTRUCTURALES DE CONCRETO. | C23: =+IF('2. PPTO CONSOLIDADO'!G291="","",'2. PPTO CONSOLIDADO'!G291) -> 0 | D23: =+IFERROR(C23/'2. PPTO CONSOLIDADO'!$G$1307,"")
A24: =+'2. PPTO CONSOLIDADO'!A296 -> 4.1.3 | B24: =+'2. PPTO CONSOLIDADO'!B296 -> PLACAS ESTRUCTURALES DE CONCRETO. | C24: =+IF('2. PPTO CONSOLIDADO'!G296="","",'2. PPTO CONSOLIDADO'!G296) -> 0 | D24: =+IFERROR(C24/'2. PPTO CONSOLIDADO'!$G$1307,"")
A25: =+'2. PPTO CONSOLIDADO'!A298 -> 4.1.4 | B25: =+'2. PPTO CONSOLIDADO'!B298 -> OTROS ELEMENTOS ESTRUCTURALES DE CONCRETO. | C25: =+IF('2. PPTO CONSOLIDADO'!G298="","",'2. PPTO CONSOLIDADO'!G298) -> 0 | D25: =+IFERROR(C25/'2. PPTO CONSOLIDADO'!$G$1307,"")
A26: =+'2. PPTO CONSOLIDADO'!A301 -> 4.2 | B26: =+'2. PPTO CONSOLIDADO'!B301 -> CONCRETOS ARQUITECTÓNICOS. | C26: =+IF('2. PPTO CONSOLIDADO'!G301="","",'2. PPTO CONSOLIDADO'!G301) -> 0 | D26: =+IFERROR(C26/'2. PPTO CONSOLIDADO'!$G$1307,"")
A27: =+'2. PPTO CONSOLIDADO'!A302 -> 4.2.1 | B27: =+'2. PPTO CONSOLIDADO'!B302 -> ELEMENTOS VERTICALES ARQUITECTÓNICOS DE CONCRETO. | C27: =+IF('2. PPTO CONSOLIDADO'!G302="","",'2. PPTO CONSOLIDADO'!G302) -> 0 | D27: =+IFERROR(C27/'2. PPTO CONSOLIDADO'!$G$1307,"")
A28: =+'2. PPTO CONSOLIDADO'!A305 -> 4.3 | B28: =+'2. PPTO CONSOLIDADO'!B305 -> ACEROS DE REFUERZO PARA ESTRUCTURAS EN CONCRETO Y RELACIONADOS. | C28: =+IF('2. PPTO CONSOLIDADO'!G305="","",'2. PPTO CONSOLIDADO'!G305) -> 0 | D28: =+IFERROR(C28/'2. PPTO CONSOLIDADO'!$G$1307,"")
A29: =+'2. PPTO CONSOLIDADO'!A308 -> 5 | B29: =+'2. PPTO CONSOLIDADO'!B308 -> MAMPOSTERÍAS Y RELACIONADOS. | C29: =+IF('2. PPTO CONSOLIDADO'!G308="","",'2. PPTO CONSOLIDADO'!G308) -> 0 | D29: =+IFERROR(C29/'2. PPTO CONSOLIDADO'!$G$1307,"")
A30: =+'2. PPTO CONSOLIDADO'!A309 -> 5.1 | B30: =+'2. PPTO CONSOLIDADO'!B309 -> MAMPOSTERÍA DE CONCRETO. | C30: =+IF('2. PPTO CONSOLIDADO'!G309="","",'2. PPTO CONSOLIDADO'!G309) -> 0 | D30: =+IFERROR(C30/'2. PPTO CONSOLIDADO'!$G$1307,"")
A31: =+'2. PPTO CONSOLIDADO'!A311 -> 5.2 | B31: =+'2. PPTO CONSOLIDADO'!B311 -> MAMPOSTERÍA DE ARCILLA. | C31: =+IF('2. PPTO CONSOLIDADO'!G311="","",'2. PPTO CONSOLIDADO'!G311) -> 0 | D31: =+IFERROR(C31/'2. PPTO CONSOLIDADO'!$G$1307,"")
A32: =+'2. PPTO CONSOLIDADO'!A313 -> 5.3 | B32: =+'2. PPTO CONSOLIDADO'!B313 -> OTROS MAMPUESTOS. | C32: =+IF('2. PPTO CONSOLIDADO'!G313="","",'2. PPTO CONSOLIDADO'!G313) -> 0 | D32: =+IFERROR(C32/'2. PPTO CONSOLIDADO'!$G$1307,"")
A33: =+'2. PPTO CONSOLIDADO'!A319 -> 6 | B33: =+'2. PPTO CONSOLIDADO'!B319 -> ELEMENTOS NO ESTRUCTURALES PREFABRICADOS Y/O FUNDIDOS EN SITIO. | C33: =+IF('2. PPTO CONSOLIDADO'!G319="","",'2. PPTO CONSOLIDADO'!G319) -> 0 | D33: =+IFERROR(C33/'2. PPTO CONSOLIDADO'!$G$1307,"")
A34: =+'2. PPTO CONSOLIDADO'!A320 -> 6.1 | B34: =+'2. PPTO CONSOLIDADO'!B320 -> PREFABRICADOS EN OBRA O FUNDIDOS EN SITIO. | C34: =+IF('2. PPTO CONSOLIDADO'!G320="","",'2. PPTO CONSOLIDADO'!G320) -> 0 | D34: =+IFERROR(C34/'2. PPTO CONSOLIDADO'!$G$1307,"")
A35: =+'2. PPTO CONSOLIDADO'!A321 -> 6.1.8 | B35: =+'2. PPTO CONSOLIDADO'!B321 -> MESONES EN CONCRETO. | C35: =+IF('2. PPTO CONSOLIDADO'!G321="","",'2. PPTO CONSOLIDADO'!G321) -> 0 | D35: =+IFERROR(C35/'2. PPTO CONSOLIDADO'!$G$1307,"")
A36: =+'2. PPTO CONSOLIDADO'!A327 -> 6.1.9 | B36: =+'2. PPTO CONSOLIDADO'!B327 -> POYOS PARA MUEBLES. | C36: =+IF('2. PPTO CONSOLIDADO'!G327="","",'2. PPTO CONSOLIDADO'!G327) -> 0 | D36: =+IFERROR(C36/'2. PPTO CONSOLIDADO'!$G$1307,"")
A37: =+'2. PPTO CONSOLIDADO'!A329 -> 6.1.11 | B37: =+'2. PPTO CONSOLIDADO'!B329 -> CONDUCTORES DE AGUA. | C37: =+IF('2. PPTO CONSOLIDADO'!G329="","",'2. PPTO CONSOLIDADO'!G329) -> 0 | D37: =+IFERROR(C37/'2. PPTO CONSOLIDADO'!$G$1307,"")
A38: =+'2. PPTO CONSOLIDADO'!A331 -> 6.1.12 | B38: =+'2. PPTO CONSOLIDADO'!B331 -> BANCAS PREFABRICADAS EN CONCRETO. | C38: =+IF('2. PPTO CONSOLIDADO'!G331="","",'2. PPTO CONSOLIDADO'!G331) -> 0 | D38: =+IFERROR(C38/'2. PPTO CONSOLIDADO'!$G$1307,"")
A39: =+'2. PPTO CONSOLIDADO'!A1273 -> 25.4.5 | B39: =+'2. PPTO CONSOLIDADO'!B1273 -> OTROS COMPLEMENTARIOS. | C39: =+IF('2. PPTO CONSOLIDADO'!G1273="","",'2. PPTO CONSOLIDADO'!G1273) -> 0 | D39: =+IFERROR(C39/'2. PPTO CONSOLIDADO'!$G$1307,"")
A40: =+'2. PPTO CONSOLIDADO'!A339 -> 7 | B40: =+'2. PPTO CONSOLIDADO'!B339 -> CONSTRUCCIÓN LIVIANA EN SECO (Cielos rasos, divisiones, otros). | C40: =+IF('2. PPTO CONSOLIDADO'!G339="","",'2. PPTO CONSOLIDADO'!G339) -> 0 | D40: =+IFERROR(C40/'2. PPTO CONSOLIDADO'!$G$1307,"")
A41: =+'2. PPTO CONSOLIDADO'!A340 -> 7.1 | B41: =+'2. PPTO CONSOLIDADO'!B340 -> DIVISIONES. | C41: =+IF('2. PPTO CONSOLIDADO'!G340="","",'2. PPTO CONSOLIDADO'!G340) -> 0 | D41: =+IFERROR(C41/'2. PPTO CONSOLIDADO'!$G$1307,"")
A42: =+'2. PPTO CONSOLIDADO'!A341 -> 7.1.2 | B42: =+'2. PPTO CONSOLIDADO'!B341 -> DIVISIONES FABRICADAS CON LÁMINAS EN FIBROCEMENTO. | C42: =+IF('2. PPTO CONSOLIDADO'!G341="","",'2. PPTO CONSOLIDADO'!G341) -> 0 | D42: =+IFERROR(C42/'2. PPTO CONSOLIDADO'!$G$1307,"")
A43: =+'2. PPTO CONSOLIDADO'!#REF! -> #REF! | B43: =+'2. PPTO CONSOLIDADO'!#REF! -> #REF! | C43: =+IF('2. PPTO CONSOLIDADO'!#REF!="","",'2. PPTO CONSOLIDADO'!#REF!) -> #REF! | D43: =+IFERROR(C43/'2. PPTO CONSOLIDADO'!$G$1307,"")
A44: =+'2. PPTO CONSOLIDADO'!A345 -> 7.3 | B44: =+'2. PPTO CONSOLIDADO'!B345 -> CIELOS RASOS. | C44: =+IF('2. PPTO CONSOLIDADO'!G345="","",'2. PPTO CONSOLIDADO'!G345) -> 0 | D44: =+IFERROR(C44/'2. PPTO CONSOLIDADO'!$G$1307,"")
A45: =+'2. PPTO CONSOLIDADO'!A350 -> 8 | B45: =+'2. PPTO CONSOLIDADO'!B350 -> INSTALACIONES HIDROSANITARIAS, CONTRAINCENDIO, DE GAS, AIRES COMPRIMIDOS (redes y equipos). | C45: =+IF('2. PPTO CONSOLIDADO'!G350="","",'2. PPTO CONSOLIDADO'!G350) -> 0 | D45: =+IFERROR(C45/'2. PPTO CONSOLIDADO'!$G$1307,"")
A46: =+'2. PPTO CONSOLIDADO'!A351 -> 8.1 | B46: =+'2. PPTO CONSOLIDADO'!B351 -> INSTALACIONES HIDROSANITARIAS. | C46: =+IF('2. PPTO CONSOLIDADO'!G351="","",'2. PPTO CONSOLIDADO'!G351) -> 0 | D46: =+IFERROR(C46/'2. PPTO CONSOLIDADO'!$G$1307,"")
A47: =+'2. PPTO CONSOLIDADO'!A352 -> 8.1.1 | B47: =+'2. PPTO CONSOLIDADO'!B352 -> SUMINISTRO DE AGUA POTABLE | C47: =+IF('2. PPTO CONSOLIDADO'!G352="","",'2. PPTO CONSOLIDADO'!G352) -> 0 | D47: =+IFERROR(C47/'2. PPTO CONSOLIDADO'!$G$1307,"")
A48: =+'2. PPTO CONSOLIDADO'!A361 -> 8.1.2 | B48: =+'2. PPTO CONSOLIDADO'!B361 -> SUMINISTRO DE AGUA POTABLE | C48: =+IF('2. PPTO CONSOLIDADO'!G361="","",'2. PPTO CONSOLIDADO'!G361) -> 0 | D48: =+IFERROR(C48/'2. PPTO CONSOLIDADO'!$G$1307,"")
A49: =+'2. PPTO CONSOLIDADO'!A369 -> 8.1.3 | B49: =+'2. PPTO CONSOLIDADO'!B369 -> REGISTROS | C49: =+IF('2. PPTO CONSOLIDADO'!G369="","",'2. PPTO CONSOLIDADO'!G369) -> 0 | D49: =+IFERROR(C49/'2. PPTO CONSOLIDADO'!$G$1307,"")
A50: =+'2. PPTO CONSOLIDADO'!A370 -> 8.1.3.1 | B50: =+'2. PPTO CONSOLIDADO'!B370 -> REGISTROS DE BOLA | C50: =+IF('2. PPTO CONSOLIDADO'!G370="","",'2. PPTO CONSOLIDADO'!G370) -> 0 | D50: =+IFERROR(C50/'2. PPTO CONSOLIDADO'!$G$1307,"")
A51: =+'2. PPTO CONSOLIDADO'!A377 -> 8.1.3.2 | B51: =+'2. PPTO CONSOLIDADO'!B377 -> REGISTROS DE CORTINA | C51: =+IF('2. PPTO CONSOLIDADO'!G377="","",'2. PPTO CONSOLIDADO'!G377) -> 0 | D51: =+IFERROR(C51/'2. PPTO CONSOLIDADO'!$G$1307,"")
A52: =+'2. PPTO CONSOLIDADO'!A380 -> 8.1.4 | B52: =+'2. PPTO CONSOLIDADO'!B380 -> SUPRESOR GOLPE DE ARIETE | C52: =+IF('2. PPTO CONSOLIDADO'!G380="","",'2. PPTO CONSOLIDADO'!G380) -> 0 | D52: =+IFERROR(C52/'2. PPTO CONSOLIDADO'!$G$1307,"")
A53: =+'2. PPTO CONSOLIDADO'!A383 -> 8.1.5 | B53: =+'2. PPTO CONSOLIDADO'!B383 -> PUNTOS HIDRÁULICOS DE AGUA FRÍA POTABLE | C53: =+IF('2. PPTO CONSOLIDADO'!G383="","",'2. PPTO CONSOLIDADO'!G383) -> 0 | D53: =+IFERROR(C53/'2. PPTO CONSOLIDADO'!$G$1307,"")
A54: =+'2. PPTO CONSOLIDADO'!A395 -> 8.1.6 | B54: =+'2. PPTO CONSOLIDADO'!B395 -> PUNTOS HIDRÁULICOS AGUA FRÍA RECICLADA (AGUA GRIS). | C54: =+IF('2. PPTO CONSOLIDADO'!G395="","",'2. PPTO CONSOLIDADO'!G395) -> 0 | D54: =+IFERROR(C54/'2. PPTO CONSOLIDADO'!$G$1307,"")
A55: =+'2. PPTO CONSOLIDADO'!A400 -> 8.1.7 | B55: =+'2. PPTO CONSOLIDADO'!B400 -> RED SANITARIA, AGUAS LLUVIAS Y VENTILACIONES | C55: =+IF('2. PPTO CONSOLIDADO'!G400="","",'2. PPTO CONSOLIDADO'!G400) -> 0 | D55: =+IFERROR(C55/'2. PPTO CONSOLIDADO'!$G$1307,"")
A56: =+'2. PPTO CONSOLIDADO'!A401 -> 8.1.7.1 | B56: =+'2. PPTO CONSOLIDADO'!B401 -> Tuberia PVC-S | C56: =+IF('2. PPTO CONSOLIDADO'!G401="","",'2. PPTO CONSOLIDADO'!G401) -> 0 | D56: =+IFERROR(C56/'2. PPTO CONSOLIDADO'!$G$1307,"")
A57: =+'2. PPTO CONSOLIDADO'!A405 -> 8.1.7.2 | B57: =+'2. PPTO CONSOLIDADO'!B405 -> Salida sanitaria | C57: =+IF('2. PPTO CONSOLIDADO'!G405="","",'2. PPTO CONSOLIDADO'!G405) -> 0 | D57: =+IFERROR(C57/'2. PPTO CONSOLIDADO'!$G$1307,"")
A58: =+'2. PPTO CONSOLIDADO'!A413 -> 8.1.7.3 | B58: =+'2. PPTO CONSOLIDADO'!B413 -> Tuberia PVC-L | C58: =+IF('2. PPTO CONSOLIDADO'!G413="","",'2. PPTO CONSOLIDADO'!G413) -> 0 | D58: =+IFERROR(C58/'2. PPTO CONSOLIDADO'!$G$1307,"")
A59: =+'2. PPTO CONSOLIDADO'!A418 -> 8.1.7.4 | B59: =+'2. PPTO CONSOLIDADO'!B418 -> Tuberia Novafort | C59: =+IF('2. PPTO CONSOLIDADO'!G418="","",'2. PPTO CONSOLIDADO'!G418) -> 0 | D59: =+IFERROR(C59/'2. PPTO CONSOLIDADO'!$G$1307,"")
A60: =+'2. PPTO CONSOLIDADO'!A422 -> 8.1.7.5 | B60: =+'2. PPTO CONSOLIDADO'!B422 -> Excavacion y rellenos | C60: =+IF('2. PPTO CONSOLIDADO'!G422="","",'2. PPTO CONSOLIDADO'!G422) -> 0 | D60: =+IFERROR(C60/'2. PPTO CONSOLIDADO'!$G$1307,"")
A61: =+'2. PPTO CONSOLIDADO'!A428 -> 8.1.8 | B61: =+'2. PPTO CONSOLIDADO'!B428 -> MONTAJE DE APARATOS | C61: =+IF('2. PPTO CONSOLIDADO'!G428="","",'2. PPTO CONSOLIDADO'!G428) -> 0 | D61: =+IFERROR(C61/'2. PPTO CONSOLIDADO'!$G$1307,"")
A62: =+'2. PPTO CONSOLIDADO'!A429 -> 8.1.8.1 | B62: =+'2. PPTO CONSOLIDADO'!B429 -> Rejilla bronce para tuberia PVC normalizada | C62: =+IF('2. PPTO CONSOLIDADO'!G429="","",'2. PPTO CONSOLIDADO'!G429) -> 0 | D62: =+IFERROR(C62/'2. PPTO CONSOLIDADO'!$G$1307,"")
A63: =+'2. PPTO CONSOLIDADO'!#REF! -> #REF! | B63: =+'2. PPTO CONSOLIDADO'!#REF! -> #REF! | C63: =+IF('2. PPTO CONSOLIDADO'!#REF!="","",'2. PPTO CONSOLIDADO'!#REF!) -> #REF! | D63: =+IFERROR(C63/'2. PPTO CONSOLIDADO'!$G$1307,"")
A64: =+'2. PPTO CONSOLIDADO'!#REF! -> #REF! | B64: =+'2. PPTO CONSOLIDADO'!#REF! -> #REF! | C64: =+IF('2. PPTO CONSOLIDADO'!#REF!="","",'2. PPTO CONSOLIDADO'!#REF!) -> #REF! | D64: =+IFERROR(C64/'2. PPTO CONSOLIDADO'!$G$1307,"")
A65: =+'2. PPTO CONSOLIDADO'!#REF! -> #REF! | B65: =+'2. PPTO CONSOLIDADO'!#REF! -> #REF! | C65: =+IF('2. PPTO CONSOLIDADO'!#REF!="","",'2. PPTO CONSOLIDADO'!#REF!) -> #REF! | D65: =+IFERROR(C65/'2. PPTO CONSOLIDADO'!$G$1307,"")
A66: =+'2. PPTO CONSOLIDADO'!A432 -> 8.1.10 | B66: =+'2. PPTO CONSOLIDADO'!B432 -> SISTEMA AGUAS LLUVIAS | C66: =+IF('2. PPTO CONSOLIDADO'!G432="","",'2. PPTO CONSOLIDADO'!G432) -> 0 | D66: =+IFERROR(C66/'2. PPTO CONSOLIDADO'!$G$1307,"")
A67: =+'2. PPTO CONSOLIDADO'!A433 -> 8.1.10.1 | B67: =+'2. PPTO CONSOLIDADO'!B433 -> Tragante doble, drenaje y sobreflujo | C67: =+IF('2. PPTO CONSOLIDADO'!G433="","",'2. PPTO CONSOLIDADO'!G433) -> 0 | D67: =+IFERROR(C67/'2. PPTO CONSOLIDADO'!$G$1307,"")
A68: =+'2. PPTO CONSOLIDADO'!A437 -> 8.1.10.2 | B68: =+'2. PPTO CONSOLIDADO'!B437 -> Rejilla piso | C68: =+IF('2. PPTO CONSOLIDADO'!G437="","",'2. PPTO CONSOLIDADO'!G437) -> 0 | D68: =+IFERROR(C68/'2. PPTO CONSOLIDADO'!$G$1307,"")
A69: =+'2. PPTO CONSOLIDADO'!A439 -> 8.1.11 | B69: =+'2. PPTO CONSOLIDADO'!B439 -> VALVULAS DE ADMISION DE AIRE | C69: =+IF('2. PPTO CONSOLIDADO'!G439="","",'2. PPTO CONSOLIDADO'!G439) -> 0 | D69: =+IFERROR(C69/'2. PPTO CONSOLIDADO'!$G$1307,"")
A70: =+'2. PPTO CONSOLIDADO'!A442 -> 8.1.12 | B70: =+'2. PPTO CONSOLIDADO'!B442 -> TAPON DE INSPECCION EN PISO | C70: =+IF('2. PPTO CONSOLIDADO'!G442="","",'2. PPTO CONSOLIDADO'!G442) -> 0 | D70: =+IFERROR(C70/'2. PPTO CONSOLIDADO'!$G$1307,"")
A71: =+'2. PPTO CONSOLIDADO'!A446 -> 8.1.13 | B71: =+'2. PPTO CONSOLIDADO'!B446 -> CONSTRUCCIONES EN MAMPOSTERIA Y CONCRETO | C71: =+IF('2. PPTO CONSOLIDADO'!G446="","",'2. PPTO CONSOLIDADO'!G446) -> 0 | D71: =+IFERROR(C71/'2. PPTO CONSOLIDADO'!$G$1307,"")
A72: =+'2. PPTO CONSOLIDADO'!A447 -> 8.1.13.1 | B72: =+'2. PPTO CONSOLIDADO'!B447 -> Caja de inspeccion | C72: =+IF('2. PPTO CONSOLIDADO'!G447="","",'2. PPTO CONSOLIDADO'!G447) -> 0 | D72: =+IFERROR(C72/'2. PPTO CONSOLIDADO'!$G$1307,"")
A73: =+'2. PPTO CONSOLIDADO'!A449 -> 8.1.13.2 | B73: =+'2. PPTO CONSOLIDADO'!B449 -> Pozo eyector | C73: =+IF('2. PPTO CONSOLIDADO'!G449="","",'2. PPTO CONSOLIDADO'!G449) -> 0 | D73: =+IFERROR(C73/'2. PPTO CONSOLIDADO'!$G$1307,"")
A74: =+'2. PPTO CONSOLIDADO'!A451 -> 8.1.14 | B74: =+'2. PPTO CONSOLIDADO'!B451 -> DRENAJE EQUIPOS AIRE ACONDICIONADO | C74: =+IF('2. PPTO CONSOLIDADO'!G451="","",'2. PPTO CONSOLIDADO'!G451) -> 0 | D74: =+IFERROR(C74/'2. PPTO CONSOLIDADO'!$G$1307,"")
A75: =+'2. PPTO CONSOLIDADO'!#REF! -> #REF! | B75: =+'2. PPTO CONSOLIDADO'!#REF! -> #REF! | C75: =+IF('2. PPTO CONSOLIDADO'!#REF!="","",'2. PPTO CONSOLIDADO'!#REF!) -> #REF! | D75: =+IFERROR(C75/'2. PPTO CONSOLIDADO'!$G$1307,"")
A76: =+'2. PPTO CONSOLIDADO'!A455 -> 8.1.16 | B76: =+'2. PPTO CONSOLIDADO'!B455 -> CANALES PREFABRICADAS HORMIGON POLIMERO | C76: =+IF('2. PPTO CONSOLIDADO'!G455="","",'2. PPTO CONSOLIDADO'!G455) -> 0 | D76: =+IFERROR(C76/'2. PPTO CONSOLIDADO'!$G$1307,"")
A77: =+'2. PPTO CONSOLIDADO'!A457 -> 8.2 | B77: =+'2. PPTO CONSOLIDADO'!B457 -> INSTALACIONES DE GAS. | C77: =+IF('2. PPTO CONSOLIDADO'!G457="","",'2. PPTO CONSOLIDADO'!G457) -> 0 | D77: =+IFERROR(C77/'2. PPTO CONSOLIDADO'!$G$1307,"")
A78: =+'2. PPTO CONSOLIDADO'!A458 -> 8.2.1 | B78: =+'2. PPTO CONSOLIDADO'!B458 -> MEDIDORES | C78: =+IF('2. PPTO CONSOLIDADO'!G458="","",'2. PPTO CONSOLIDADO'!G458) -> 0 | D78: =+IFERROR(C78/'2. PPTO CONSOLIDADO'!$G$1307,"")
A79: =+'2. PPTO CONSOLIDADO'!A463 -> 8.2.2 | B79: =+'2. PPTO CONSOLIDADO'!B463 -> TUBERÍASY ACCESORIOS EN ACERO DE GAS | C79: =+IF('2. PPTO CONSOLIDADO'!G463="","",'2. PPTO CONSOLIDADO'!G463) -> 0 | D79: =+IFERROR(C79/'2. PPTO CONSOLIDADO'!$G$1307,"")
A80: =+'2. PPTO CONSOLIDADO'!A468 -> 8.2.3 | B80: =+'2. PPTO CONSOLIDADO'!B468 -> VÁLVULAS Y REGISTRO | C80: =+IF('2. PPTO CONSOLIDADO'!G468="","",'2. PPTO CONSOLIDADO'!G468) -> 0 | D80: =+IFERROR(C80/'2. PPTO CONSOLIDADO'!$G$1307,"")
A81: =+'2. PPTO CONSOLIDADO'!A472 -> 8.2.4 | B81: =+'2. PPTO CONSOLIDADO'!B472 -> MONTAJE DE APARATOS | C81: =+IF('2. PPTO CONSOLIDADO'!G472="","",'2. PPTO CONSOLIDADO'!G472) -> 0 | D81: =+IFERROR(C81/'2. PPTO CONSOLIDADO'!$G$1307,"")
A82: =+'2. PPTO CONSOLIDADO'!A474 -> 8.3 | B82: =+'2. PPTO CONSOLIDADO'!B474 -> INSTALACIONES CONTRAINCENDIO. | C82: =+IF('2. PPTO CONSOLIDADO'!G474="","",'2. PPTO CONSOLIDADO'!G474) -> 0 | D82: =+IFERROR(C82/'2. PPTO CONSOLIDADO'!$G$1307,"")
A83: =+'2. PPTO CONSOLIDADO'!A475 -> 8.3.2 | B83: =+'2. PPTO CONSOLIDADO'!B475 -> RED GENERAL CONTRAINCENDIO. | C83: =+IF('2. PPTO CONSOLIDADO'!G475="","",'2. PPTO CONSOLIDADO'!G475) -> 0 | D83: =+IFERROR(C83/'2. PPTO CONSOLIDADO'!$G$1307,"")
A84: =+'2. PPTO CONSOLIDADO'!A504 -> 8.3.3 | B84: =+'2. PPTO CONSOLIDADO'!B504 -> PUNTOS CONTRAINCENDIO. | C84: =+IF('2. PPTO CONSOLIDADO'!G504="","",'2. PPTO CONSOLIDADO'!G504) -> 0 | D84: =+IFERROR(C84/'2. PPTO CONSOLIDADO'!$G$1307,"")
A85: =+'2. PPTO CONSOLIDADO'!A506 -> 8.3.4 | B85: =+'2. PPTO CONSOLIDADO'!B506 -> ACCESORIOS ESPECIALES | C85: =+IF('2. PPTO CONSOLIDADO'!G506="","",'2. PPTO CONSOLIDADO'!G506) -> 0 | D85: =+IFERROR(C85/'2. PPTO CONSOLIDADO'!$G$1307,"")
A86: =+'2. PPTO CONSOLIDADO'!A510 -> 8.3.5 | B86: =+'2. PPTO CONSOLIDADO'!B510 -> APARATOS CONTRAINCENDIO. | C86: =+IF('2. PPTO CONSOLIDADO'!G510="","",'2. PPTO CONSOLIDADO'!G510) -> 0 | D86: =+IFERROR(C86/'2. PPTO CONSOLIDADO'!$G$1307,"")
A87: =+'2. PPTO CONSOLIDADO'!A512 -> 8.3.6 | B87: =+'2. PPTO CONSOLIDADO'!B512 -> VÁLVULAS Y ACCESORIOS ESPECIALES SISTEMA CONTRAINCENDIO | C87: =+IF('2. PPTO CONSOLIDADO'!G512="","",'2. PPTO CONSOLIDADO'!G512) -> 0 | D87: =+IFERROR(C87/'2. PPTO CONSOLIDADO'!$G$1307,"")
A88: =+'2. PPTO CONSOLIDADO'!A515 -> 8.3.7 | B88: =+'2. PPTO CONSOLIDADO'!B515 -> EQUIPOS CONTRAINCENDIO. | C88: =+IF('2. PPTO CONSOLIDADO'!G515="","",'2. PPTO CONSOLIDADO'!G515) -> 0 | D88: =+IFERROR(C88/'2. PPTO CONSOLIDADO'!$G$1307,"")
A89: =+'2. PPTO CONSOLIDADO'!A518 -> 10 | B89: =+'2. PPTO CONSOLIDADO'!B518 -> INSTALACIONES ELÉCTRICAS, DE COMUNICACIONES, SEGURIDAD Y SONIDO (redes y equipos). | C89: =+IF('2. PPTO CONSOLIDADO'!G518="","",'2. PPTO CONSOLIDADO'!G518) -> 0 | D89: =+IFERROR(C89/'2. PPTO CONSOLIDADO'!$G$1307,"")
A90: =+'2. PPTO CONSOLIDADO'!A519 -> 10.1 | B90: =+'2. PPTO CONSOLIDADO'!B519 -> DERIVACIÓN DE RED DE MEDIA TENSIÓN Y SUBESTACIÓN. | C90: =+IF('2. PPTO CONSOLIDADO'!G519="","",'2. PPTO CONSOLIDADO'!G519) -> 0 | D90: =+IFERROR(C90/'2. PPTO CONSOLIDADO'!$G$1307,"")
A91: =+'2. PPTO CONSOLIDADO'!A520 -> 10.1.1 | B91: =+'2. PPTO CONSOLIDADO'!B520 -> ADECUACIÓN DE INFRAESTRUCTURA MEDIA TENSIÓN. | C91: =+IF('2. PPTO CONSOLIDADO'!G520="","",'2. PPTO CONSOLIDADO'!G520) -> 0 | D91: =+IFERROR(C91/'2. PPTO CONSOLIDADO'!$G$1307,"")
A92: =+'2. PPTO CONSOLIDADO'!A540 -> 10.1.2 | B92: =+'2. PPTO CONSOLIDADO'!B540 -> EQUIPOS SUBESTACIÓN Y MEDIA TENSIÓN. | C92: =+IF('2. PPTO CONSOLIDADO'!G540="","",'2. PPTO CONSOLIDADO'!G540) -> 0 | D92: =+IFERROR(C92/'2. PPTO CONSOLIDADO'!$G$1307,"")
A93: =+'2. PPTO CONSOLIDADO'!A544 -> 10.1.3 | B93: =+'2. PPTO CONSOLIDADO'!B544 -> CARPINTERÍA METÁLICA PARA CELDA DE PROTECCIÓN Y TRANSFORMADOR. | C93: =+IF('2. PPTO CONSOLIDADO'!G544="","",'2. PPTO CONSOLIDADO'!G544) -> 0 | D93: =+IFERROR(C93/'2. PPTO CONSOLIDADO'!$G$1307,"")
A94: =+'2. PPTO CONSOLIDADO'!A545 -> 10.2 | B94: =+'2. PPTO CONSOLIDADO'!B545 -> RED DE BAJA TENSIÓN. | C94: =+IF('2. PPTO CONSOLIDADO'!G545="","",'2. PPTO CONSOLIDADO'!G545) -> 0 | D94: =+IFERROR(C94/'2. PPTO CONSOLIDADO'!$G$1307,"")
A95: =+'2. PPTO CONSOLIDADO'!A546 -> 10.2.1 | B95: =+'2. PPTO CONSOLIDADO'!B546 -> CANALIZACIONES PARA CABLEADO ELÉCTRICO BT. | C95: =+IF('2. PPTO CONSOLIDADO'!G546="","",'2. PPTO CONSOLIDADO'!G546) -> 0 | D95: =+IFERROR(C95/'2. PPTO CONSOLIDADO'!$G$1307,"")
A96: =+'2. PPTO CONSOLIDADO'!A569 -> 10.2.2 | B96: =+'2. PPTO CONSOLIDADO'!B569 -> ACOMETIDAS Y CABLEADOS BT. | C96: =+IF('2. PPTO CONSOLIDADO'!G569="","",'2. PPTO CONSOLIDADO'!G569) -> 0 | D96: =+IFERROR(C96/'2. PPTO CONSOLIDADO'!$G$1307,"")
A97: =+'2. PPTO CONSOLIDADO'!A601 -> 10.2.3 | B97: =+'2. PPTO CONSOLIDADO'!B601 -> TABLEROS BT. | C97: =+IF('2. PPTO CONSOLIDADO'!G601="","",'2. PPTO CONSOLIDADO'!G601) -> 0 | D97: =+IFERROR(C97/'2. PPTO CONSOLIDADO'!$G$1307,"")
A98: =+'2. PPTO CONSOLIDADO'!A618 -> 10.2.4 | B98: =+'2. PPTO CONSOLIDADO'!B618 -> INTERRUPTORES Y PROTECCIONES BT. | C98: =+IF('2. PPTO CONSOLIDADO'!G618="","",'2. PPTO CONSOLIDADO'!G618) -> 0 | D98: =+IFERROR(C98/'2. PPTO CONSOLIDADO'!$G$1307,"")
A99: =+'2. PPTO CONSOLIDADO'!A641 -> 10.2.5 | B99: =+'2. PPTO CONSOLIDADO'!B641 -> SALIDAS DE ALUMBRADO. | C99: =+IF('2. PPTO CONSOLIDADO'!G641="","",'2. PPTO CONSOLIDADO'!G641) -> 0 | D99: =+IFERROR(C99/'2. PPTO CONSOLIDADO'!$G$1307,"")
A100: =+'2. PPTO CONSOLIDADO'!A647 -> 10.2.6 | B100: =+'2. PPTO CONSOLIDADO'!B647 -> SALIDAS DE TOMAS NORMALES Y REGULADAS. | C100: =+IF('2. PPTO CONSOLIDADO'!G647="","",'2. PPTO CONSOLIDADO'!G647) -> 0 | D100: =+IFERROR(C100/'2. PPTO CONSOLIDADO'!$G$1307,"")
...

Sheet 3B. SALARIOS
B2: CATEGORÍA | C2: EMPLEADOS PÚBLICOS | D2: GRADO | E2: INGRESO BÁSICO MENSUAL | F2: PERFILES
E3: ABM
C4: DESPACHO SECRETARIO
B5: S1 | C5: Secretario Despacho | D5: 09 | E5: 8334929
B6: S2 | C6: Asesor | D6: 07 | E6: 6635162
B7: S3 | C7: Asesor *** | D7: 05 | E7: 5429970
B8: S4 | C8: Asesor | D8: 04 | E8: 4920068
B9: S5 | C9: Asesor | D9: 03 | E9: 4368356
B10: S6 | C10: Asesor | D10: 02 | E10: 4252552
B11: S7 | C11: Asesor | D11: 01 | E11: 4034913
C12: NIVEL DIRECTIVO | E12: 1
B13: D1 | C13: Subsecretario de Despacho | D13: 08 | E13: 7432874
B14: D2 | C14: Director Técnico | D14: 08 | E14: 7432874
B15: D3 | C15: Subdirector Técnico | D15: 05 | E15: 5429970
B16: D4 | C16: Jefe Oficina Control Interno y Asuntos Disciplinarios | D16: 06 | E16: 6054883
C17: NIVEL ASESOR | E17: 1
B18: E1 | C18: Jefe de Oficina Asesora de Jurídica | D18: 08 | E18: 7432874
B19: E2 | C19: Jefe de Oficina Asesora de Comunicaciones | D19: 06 | E19: 6054883
C20: NIVEL PROFESIONAL | E20: 1
B21: P1 | C21: Comisario de Familia | D21: 28 | E21: 4368356 | F21: Título profesional, título de posgrado en la modalidad de maestría y ochenta y cuatro (84) meses de experiencia profesional relacionada o título de posgrado en la modalidad de especialización y noventa y seis (96) meses de experiencia relacionada.
B22: P2 | C22: Profesional Especializado | D22: 28 | E22: 4368356 | F22: Título profesional, título de posgrado en la modalidad de maestría y ochenta y cuatro (84) meses de experiencia profesional relacionada o título de posgrado en la modalidad de especialización y noventa y seis (96) meses de experiencia relacionada.
B23: P3 | C23: Profesional Especializado | D23: 25 | E23: 4069095 | F23: Título profesional, Título de postgrado en la modalidad de maestría y setenta y dos (72) meses de experiencia profesional relacionada o Título de postgrado en la modalidad de especialización y ochenta y cuatro (84) meses de experiencia profesional relacionada.
B24: P4 | C24: Profesional Especializado | D24: 23 | E24: 3957142 | F24: Título profesional, título de posgrado en la modalidad de especialización y cuarenta (40) meses de experiencia profesional relacionada
B25: P5 | C25: Profesional Especializado | D25: 22 | E25: 3935376 | F25: Título profesional, título de posgrado en la modalidad de especialización y treinta y siete (37) meses de experiencia profesional relacionada
B26: P6 | C26: Profesional Especializado | D26: 21 | E26: 3826886 | F26: Título profesional, título de posgrado en la modalidad de especialización y treinta y cuatro (34) meses de experiencia profesional relacionada
B27: P7 | C27: Profesional Universitario | D27: 17 | E27: 3421027 | F27: Título profesional, título de posgrado en la modalidad de especialización y veintidós (22) meses de experiencia profesional relacionada.
B28: P8 | C28: Profesional Universitario | D28: 16 | E28: 3399806 | F28: Título profesional, título de posgrado en la modalidad de especialización y diecinueve (19) meses de experiencia profesional relacionada.
B29: P9 | C29: Profesional Universitario | D29: 15 | E29: 3363596 | F29: Título profesional, título de posgrado en la modalidad de especialización y dieciséis (16) meses de experiencia profesional relacionada.
B30: P10 | C30: Profesional Universitario | D30: 12 | E30: 3108993 | F30: Título profesional y título de posgrado en la modalidad de especialización y siete (7) meses de experiencia profesional relacionada.
B31: P11 | C31: Profesional Universitario | D31: 11 | E31: 3021518 | F31: Título profesional y treinta (30) meses de experiencia profesional relacionada.
B32: P12 | C32: Profesional Universitario | D32: 09 | E32: 2854198 | F32: Título profesional y veinticuatro (24) meses de experiencia profesional relacionada.
... B35: M3 | C35: Médico General | D35: 11 | E35: 3021518 | F35: Título profesional y treinta (30) meses de experiencia profesional relacionada
C36: NIVEL TÉCNICO | E36: 1
B37: I1 | C37: Instructor | D37: 14 | E37: 2450455 | F37: Título de formación tecnológica o aprobación de tres (3) años de educación superior en la modalidad de formación tecnológica o profesional o universitaria y nueve (9) meses de experiencia relacionada o laboral.
B38: I2 | C38: Instructor | D38: 11 | E38: 2288227 | F38: Título de formación técnica profesional y tres (3) meses de experiencia relacionada o laboral o aprobación de dos (2) años de educación superior de pregrado y doce (12) meses de experiencia relacionada o laboral.
B39: I3 | C39: Instructor | D39: 08 | E39: 2067806 | F39: Aprobación de dos (2) años de educación superior de pregrado y tres (3) meses de experiencia relacionada o laboral.
B40: I4 | C40: Instructor | D40: 05 | E40: 1872411 | F40: Diploma de bachiller y dieciséis (16) meses de experiencia relacionada o laboral
B41: T1 | C41: Técnico Operativo | D41: 22 | E41: 2681383 | F41: Titulo de formación Tecnica Profesional o Titulo de Formación Tecnologica, o Terminación y aprobación del pénsum académico de educación superior en formación profesional. Seis (6) años de experiencia relacionada.
B42: T2 | C42: Técnico Operativo | D42: 15 | E42: 2463273 | F42: Titulo de formación Tecnica Profesional o Titulo de Formación Tecnologica, o Terminación y aprobación del pénsum académico de educación superior en formación profesional. Dieciocho (18) meses de experiencia relacionada.
B43: T3 | C43: Técnico Operativo | D43: 14 | E43: 2450455 | F43: Titulo de formación Tecnica Profesional o Titulo de Formación Tecnologica, o Terminación y aprobación del pénsum académico de educación superior en formación profesional. Uno (1) año de experiencia relacionada.
B44: T4 | C44: Técnico Operativo | D44: 13 | E44: 2377184 | F44: Titulo de formación Tecnica Profesional o Titulo de Formación Tecnologica, o Terminación y aprobación del pénsum académico de educación superior en formación profesional. Seis (6) meses de experiencia relacionada.
B45: T5 | C45: Técnico Operativo | D45: 11 | E45: 2288227 | F45: Titulo de formación Tecnica Profesional o Titulo de Formación Tecnologica, o Terminación y aprobación del pénsum académico de educación superior en formación profesional. Sin experiencia.
B46: T6 | C46: Técnico Operativo | D46: 09 | E46: 2149224 | F46: Titulo de formación Tecnica Profesional o Titulo de Formación Tecnologica, o Terminación y aprobación del pénsum académico de educación superior en formación profesional. Sin experiencia.
C47: NIVEL ASISTENCIAL | E47: 1
B48: A1 | C48: Auxiliar Administrativo | D48: 27 | E48: 2515737 | F48: Título de formación técnica profesional y doce (12) meses de experiencia relacionada o laboral o aprobación de tres (3) años de educación superior en la modalidad de formación tecnológica o profesional o universitaria y dieciocho (18) meses de experiencia relacionada o laboral.
B49: A2 | C49: Auxiliar Administrativo | D49: 24 | E49: 2395321 | F49: Aprobación de tres (3) años de educación superior en la modalidad de formación tecnológica o profesional o universitaria y seis (6) meses de experiencia relacionada o laboral.
B50: A3 | C50: Auxiliar Administrativo | D50: 23 | E50: 2377184 | F50: Aprobación de dos (2) años de educación superior de pregrado y doce (12) meses de experiencia relacionada o laboral.
B51: A4 | C51: Auxiliar Administrativo | D51: 19 | E51: 2149224 | F51: Diploma de bachiller y veinte (20) meses de experiencia laboral.
B52: A5 | C52: Auxiliar Administrativo | D52: 15 | E52: 1872411 | F52: Diploma de bachiller.
B53: A6 | C53: Auxiliar Administrativo | D53: 13 | E53: 1755605 | F53: Aprobación de cinco (5) años de educación básica secundaria.
B54: A7 | C54: Auxiliar Administrativo | D54: 11 | E54: 1634536 | F54: Aprobación de cuatro (4) años de educación básica secundaria.
B55: A8 | C55: Auxiliar Administrativo | D55: 10 | E55: 1610343 | F55: Aprobación de tres (3) años de educación básica secundaria y seis (6) meses de experiencia laboral
B56: A9 | C56: Auxiliar Administrativo | D56: 08 | E56: 1558772 | F56: Aprobación de dos (2) años de educación básica secundaria y seis (6) meses de experiencia laboral.
B57: AS1 | C57: Auxiliar Área de Salud | D57: 13 | E57: 1755605 | F57: Aprobación de cinco (5) años de educación básica secundaria.
B58: SE1 | C58: Secretario Ejecutivo | D58: 27 | E58: 2515737 | F58: Título de formación técnica profesional y doce (12) meses de experiencia relacionada o laboral o aprobación de tres (3) años de educación superior en la modalidad de formación tecnológica o profesional o universitaria y dieciocho (18) meses de experiencia relacionada o laboral.
B59: SE2 | C59: Secretario | D59: 23 | E59: 2377184 | F59: Aprobación de dos (2) años de educación superior de pregrado y doce (12) meses de experiencia relacionada o laboral.
... B68: C4 | C68: Auxiliar Servicios Generales | D68: 08 | E68: 1558772 | F68: Aprobación de dos (2) años de educación básica secundaria y seis (6) meses de experiencia laboral.

Sheet 6. mem cant estructu
C1: 1 | D1: 2 | E1: 3 | F1: 4 | G1: 5 | H1: 6 | I1: 7 | J1: 8 | K1: 9 | L1: 10 | M1: 11 | N1: 12 | O1: 13 | P1: 14 | S1: 15 | T1: 16 | U1: 17 | V1: 18 | W1: 19 | X1: 20 | Y1: 21 | Z1: 22 | AA1: 23 | AB1: 24 | AC1: 25 | AD1: 26 | AE1: 27 | AF1: 28 | AG1: 29 | AH1: 30
C2: Ed.01 Portal de Acceso | D2: Ed.02 Taller de Mantenimiento | E2: Ed.03 Técnicos Bombas y Tanques en superficie | F2: Ed.04 Caniles | G2: Ed. 05 Administrativo - Auditorio | H2: Ed.06 Acopio | I2: Ed.07 Alojamientos Guardia | J2: Ed.08 Residencias Fiscales | K2: Ed.09 Subestación y plantas ELE. | L2: Ed.10 Depòsito de Basuras | M2: Ed.11 Guardia Externa | N2: Ed.12 Jurídica | O2: Ed.13 Reseña | P2: Ed.14 Sanidad | Q2: Ed.14 rampa Sanidad | R2: Ed.14 Sanidad | S2: Ed.15 Visitas | T2: Ed.16 Rancho Hombres y Lavanderia | U2: Ed.17 Guardia Interna | V2: Ed.18 Rancho - At. Y Tratamento RM - CDI | W2: Ed.19 Atención y Tratamiento Talleres | X2: Ed.20 Atención y Tratamiento Aulas | Y2: Ed.21 Pabellón 1 Hombres | Z2: Ed.22 Pabellón 6 Mujeres con celdas UTE | AA2: Ed.23 Pabellón 7 Etnias | AB2: Ed.24 Armonizaciòn | AC2: Ed.25 Pabellón 2 Hombres | AD2: Ed.26 Pabellón 3 Hombres | AE2: Ed.27 Pabellón 4 Hombres | AF2: Ed.28 Pabellón 5 Hombres | AG2: Ed.29 Celdas UTE | AH2: Ed.30 Garita suministrado por LA USPEC
A3: HIERROS | B3: fy= 4200 kg/cm2 | C3: 21519 | D3: 6290 | F3: 10928 | G3: 56426 | H3: 21200 | I3: 74361 | J3: 13794 | K3: 12889 | L3: 8955 | M3: 16473 | N3: 23083 | O3: 13441 | P3: =+Q3+R3 -> 80508 | Q3: 40964 | R3: 39544 | S3: 49396 | T3: 49566 | U3: 1361 | V3: 52144 | W3: 15599 | X3: 12257 | Y3: 107893 | Z3: 12454 | AB3: 13955 | AG3: 40089 | AH3: 15800
B4: fy= 2400 kg/cm2 | C4: 392 | G4: 327 | H4: 162 | I4: 633 | J4: 92 | K4: 91 | L4: 226 | N4: 197 | O4: 121 | P4: =+Q4+R4 -> 416 | R4: 416 | S4: 454 | T4: 479 | V4: 436 | W4: 138 | X4: 88 | Y4: 418 | AG4: 47
A6: concreto | B6: zapatas | C6: 12 | D6: 3.1 | F6: 6.5 | G6: 43.7 | H6: 17.8 | I6: 75.7 | J6: 9.6 | K6: 20.9 | L6: 11.4 | M6: 11.6 | N6: 19.1 | O6: 8.4 | P6: =+Q6+R6 -> 55.7 | Q6: 24.5 | R6: 31.2 | S6: 44.5 | T6: 33.8 | U6: 1.4 | V6: 32.2 | W6: 9.39 | X6: 7.2 | Y6: 83.7 | Z6: 27.3 | AB6: 5.6 | AG6: 129.4
A7: 280 kg/cm2 | B7: vigas cimentación | C7: 41 | D7: 11.9 | F7: 20.6 | G7: 69.7 | H7: 43.1 | I7: 63.3 | J7: 11.9 | K7: 24.1 | L7: 17.2 | M7: 32.3 | N7: 31.6 | O7: 26.3 | P7: =+Q7+R7 -> 54.3 | Q7: 5.1 | R7: 49.2 | S7: 57.6 | T7: 50.1 | U7: 2.2 | V7: 57.5 | W7: 30.9 | X7: 25.2 | Y7: 275.6 | Z7: 41.7 | AB7: 15.9 | AG7: 154.9
B8: carcamo inspeccion | C8: 6 | D8: 6.5 | M8: 9.7 | P8: =+Q8+R8 -> 0
B9: columnas | C9: 20 | D9: 5.4 | F9: 9.8 | G9: 33.3 | H9: 11.7 | I9: 36.5 | J9: 16.8 | K9: 4.8 | L9: 4.8 | M9: 9.3 | N9: 10.6 | O9: 9.7 | P9: =+Q9+R9 -> 72.2 | Q9: 47.9 | R9: 24.3 | S9: 31.8 | T9: 40.7 | U9: 1.5 | V9: 53.9 | W9: 10.4 | X9: 8.3 | Y9: 16.2 | AB9: 8.15 | AH9: 13.7
B10: muros estructurales | G10: 74.5 | H10: 13.4 | I10: 49.1 | K10: 32.1 | L10: 16.2 | M10: 8.8 | N10: 34.9 | P10: =+Q10+R10 -> 25.4 | R10: 25.4 | S10: 33.7 | T10: 28 | V10: 33.6 | Y10: 280.2 | Z10: 84.8 | AG10: 258.6 | AH10: 12.1
B11: piso 2 | G11: 138.2 | I11: 137.6 | J11: 38.8 | N11: 74.5 | P11: =+Q11+R11 -> 115 | R11: 115 | S11: 145.8 | T11: 143.3 | V11: 95.4 | Y11: 222.1 | AH11: 1.2
B12: piso 3 | G12: 165.2 | I12: 137.6 | P12: =+Q12+R12 -> 0 | V12: 146.5 | AH12: 1.2
B13: piso 4 | P13: =+Q13+R13 -> 0 | AH13: 1.2
B14: piso 5 | P14: =+Q14+R14 -> 0 | AH14: 9.9
B15: cubierta | C15: 129 | D15: 33 | F15: 49.6 | G15: 58.9 | H15: 136.9 | I15: 140.1 | J15: 35.5 | K15: 86.6 | L15: 62.1 | M15: 102.9 | N15: 76.9 | O15: 83.3 | P15: =+Q15+R15 -> 118.3 | R15: 118.3 | S15: 149.6 | T15: 149.4 | U15: 6.9 | W15: 94.1 | X15: 74.3 | Y15: 312.16 | Z15: 40 | AB15: 98.5 | AG15: 108.6 | AH15: 12.4
B16: escalera | G16: 7.9 | I16: 12.9 | J16: 5.8 | N16: 7.9 | P16: =+Q16+R16 -> 7.9 | R16: 7.9 | S16: 7.8 | T16: 7.7 | V16: 5.9 | Y16: 9.8 | AH16: 5
B17: Rampa | P17: =+Q17+R17 -> 71.3 | Q17: 71.3
B18: cubierta rampa | P18: =+Q18+R18 -> 34.1 | Q18: 34.1

Sheet 6. 032 Mem

Sheet 6. 033 Mem
